 Dungeon Crawl Stone Soup version 0.30-a0-297-g0ec75d9ef4 (webtiles) character file.

Game seed: 919081617617227682

7544 hikkokomori the Fighter (level 10, 0/96 HPs)
             Began as a Minotaur Berserker on Oct 19, 2022.
             Was an Elder of Trog.
             Slain by an unseen horror simulacrum (17 damage)
             ... on level 9 of the Dungeon.
             The game lasted 00:14:06 (8510 turns).

hikkokomori the Fighter (Minotaur Berserker)        Turns: 8510, Time: 00:14:11

Health: 0/96       AC: 12    Str: 23    XL:     10   Next: 96%
Magic:  9/9        EV: 11    Int:  4    God:    Trog [****..]
Gold:   201        SH:  5    Dex: 13    Spells: 9/9 levels left

rFire   . . .      SeeInvis .    A - +2 war axe
rCold   . . .      Faith    +    B - +0 buckler of Ethereal Intercession {Rampage}
rNeg    . . .      Spirit   .    k - +1 chain mail
rPois   .          Reflect  .    (helmet restricted)
rElec   .          Harm     .    x - scarf {shadows}
rCorr   .          Rampage  +    (no gloves)
Will    .....                    (no boots)
Stlth   ..........               m - amulet of faith
HPRegen 0.36/turn                (no ring)
MPRegen 0.11/turn                (no ring)

@: on berserk cooldown
A: horns 2, retaliatory headbutt
a: Renounce Religion, Berserk, Trog's Hand, Brothers in Arms


You were on level 9 of the Dungeon.
You worshipped Trog.
Trog was greatly pleased with you.
You visited 1 branch of the dungeon, and saw 9 of its levels.
You also visited: Ossuary.

You collected 409 gold pieces.
You spent 208 gold pieces at shops.

Inventory:

Hand Weapons
 a - a +0 hand axe
 u - the +5 long sword of Fedhas {vorpal, rElec Str+6 Stlth+}
   (You found it on level 4 of the Dungeon)

   It inflicts extra damage upon your enemies.
   Str:       It affects your strength (+6).
   rElec:     It insulates you from electricity.
   Stlth:     It makes you more stealthy.
 A - a +2 war axe (weapon)
 C - a +2 battleaxe of flaming
Armour
 b - a +0 animal skin
 k - a +1 chain mail (worn)
 x - a scarf of shadows (worn)
 B - the +0 buckler of Ethereal Intercession (worn) {Rampage}
   (You found it on level 7 of the Dungeon)

   Rampage:   It bestows one free step when moving towards enemies.
Jewellery
 e - a ring of ice
 m - an amulet of faith (around neck)
 v - a ring of fire
Wands
 y - a wand of iceblast (11)
Scrolls
 c - 3 scrolls of noise
 h - 2 scrolls of vulnerability
 n - 5 scrolls of teleportation
 r - 4 scrolls of blinking
 s - 2 scrolls of poison
 D - 3 scrolls of identify
 F - a scroll of enchant armour
Potions
 d - 2 potions of lignification {unknown}
 f - 9 potions of curing {unknown}
 g - a potion of berserk rage {unknown}
 i - 6 potions of brilliance
 j - a potion of degeneration
 l - a potion of flight {unknown}
 o - 5 potions of ambrosia
 p - 3 potions of heal wounds
 q - a potion of attraction {unknown}
 t - 3 potions of mutation {unknown}
 w - 2 potions of invisibility {unknown}
 E - 4 potions of might {unknown}
 G - a potion of magic {unknown}


   Skills:
 - Level 11.3 Fighting
 + Level 9.8 Axes
 + Level 9.7 Armour
 + Level 9.0 Dodging
 + Level 5.8 Shields


You had 9 spell levels left.
You didn't know any spells.
Your spell library was empty.

Dungeon Overview and Level Annotations

Branches:
Dungeon (9/15)             Temple (0/1) D:5            Lair (0/5) D:9
    Orc (0/2) D:9         Ossuary (visited)

Altars:
Ashenzari
Hepliaklqana
Zin
The Shining One

Shops:
D:4 *

Annotations:
D:9 2 runed translucent doors


Innate Abilities, Weirdness & Mutations

You have a pair of horns on your head.
You reflexively headbutt those who attack you in melee.


Message History

Trog accepts your kill.
The iceblast engulfs the yak!
You kill the yak!
Trog accepts your kill. x2
You feel a bit more experienced.
The iceblast engulfs the orc!
You kill the orc!
Trog accepts your kill.
You feel very sick.
Your Dodging skill increases to level 9!
You feel very sick.
You feel sick.
You feel sick.
You see here a +1 halberd of venom.
You feel sick.
You feel sick.
You are no longer poisoned.
An unseen horror simulacrum comes into view.
The unseen horror simulacrum moves out of view.
You start resting.
You feel yourself speed up.
You start resting.
An unseen horror simulacrum is nearby!
There is a stone staircase leading down here.
The unseen horror simulacrum barely misses you.
There is a stone staircase leading down here.
Unknown command.
Your black bear goes berserk!
The unseen horror simulacrum hits you but does no damage.
The unseen horror simulacrum closely misses you.
You furiously retaliate!
You headbutt the unseen horror simulacrum.
The unseen horror simulacrum hits you but does no damage.
You hit the unseen horror simulacrum.
The unseen horror simulacrum is moderately damaged.
You block the unseen horror simulacrum's attack.
The unseen horror simulacrum hits you but does no damage.
The unseen horror simulacrum hits you.
* * * LOW HITPOINT WARNING * * *
The unseen horror simulacrum freezes you!
You die...

...#
#......#.......#.......
...#### ###......##.....#
.................###...###
.............Z..†.†<......
...###########.####...###.
...# #.# #...# ...# #.#
#...# ...# #h####...#
...###########.Z@.....#
........................
##........####........##
>#..###...# #...####.#
##..# #...# #...# # #..#
#...# #...# #..# #...#
#...# #..# #...# #...#
#.)# #...# #...#


You could see an unseen horror simulacrum (ally target) and a friendly black
bear (summoned, berserk).

Vanquished Creatures
  2 two-headed ogres (D:9)
  Grinder (D:3)
  11 yaks
  2 wraiths
  3 wyverns
  An acid dragon (D:9)
  A water moccasin (D:7)
  An orc warrior (D:8)
  3 ice beasts
  3 black bears
  A sky beast (D:4)
  3 ogres
  A wolf (D:9)
  2 centaurs (D:7)
  3 phantoms
  2 necrophages (D:6)
  3 bullfrogs
  3 scorpions (D:4)
  9 wights
  5 howler monkeys
  6 hounds
  5 orc priests
  A gnoll bouda (D:9)
  Terence (D:2)
  Jessica (D:2)
  4 iguanas
  8 orc wizards
  A mummy (Ossuary)
  5 gnolls (D:9)
  8 adders
  8 white imps
  A howler monkey simulacrum (D:9)
  2 ufetubi
  3 worms
  20 orcs
  6 ball pythons
  8 bats
  3 endoplasms
  4 giant cockroaches
  9 goblins
  10 hobgoblins
  8 jackals
  2 quokkas
  2 frilled lizards
  6 gnoll skeletons (Ossuary)
  3 goblin skeletons (D:4)
  A goblin zombie (D:5)
  3 hobgoblin zombies (D:4)
  6 kobolds
  7 kobold skeletons
  A kobold zombie (D:4)
  16 orc skeletons
  A quokka zombie (D:5)
  6 rats
  A spectral hobgoblin (D:2)
237 creatures vanquished.

Vanquished Creatures (others)
  An ogre (D:7)
  2 fungi (D:9)
  13 plants
16 creatures vanquished.

Grand Total: 253 creatures vanquished

Notes
Turn   | Place    | Note
-------+----------+-------------------------------------------
     0 | D:1      | hikkokomori the Minotaur Berserker began the quest for the
                  | Orb.
     0 | D:1      | Reached XP level 1. HP: 19/19 MP: 0/0
   289 | D:1      | Reached XP level 2. HP: 24/27 MP: 1/1
   787 | D:2      | Reached skill level 4 in Fighting
   798 | D:2      | Reached XP level 3. HP: 27/33 MP: 2/2
   895 | D:2      | Reached ** piety under Trog
  1122 | D:2      | Found a faded altar of an unknown god.
  1231 | D:2      | Noticed Terence
  1243 | D:2      | Killed Terence
  1244 | D:2      | Reached XP level 4. HP: 29/41 MP: 3/3
  1431 | D:2      | Reached skill level 5 in Axes
  1445 | D:2      | Noticed Jessica
  1451 | D:2      | Killed Jessica
  1452 | D:2      | Reached skill level 5 in Fighting
  1863 | D:3      | Found a hazy altar of Hepliaklqana.
  1869 | D:3      | Reached XP level 5. HP: 48/48 MP: 4/4
  2050 | D:3      | Noticed an ogre
  2055 | D:3      | Killed an ogre
  2340 | D:3      | Noticed Grinder
  2351 | D:3      | Killed Grinder
  2352 | D:3      | Reached skill level 6 in Fighting
  2352 | D:3      | Reached XP level 6. HP: 52/58 MP: 5/5
  2702 | D:3      | Found a broken altar of Ashenzari.
  2944 | D:4      | Reached XP level 7. HP: 64/64 MP: 6/6
  3146 | D:4      | Reached skill level 7 in Fighting
  3274 | D:4      | Reached *** piety under Trog
  3309 | D:4      | Found a glowing golden altar of the Shining One.
  3335 | D:4      | Identified the +5 long sword of Fedhas {vorpal, rElec Str+6
                  | Stlth+}
  3527 | D:4      | Found Riac Ist's Assorted Antiques.
  3535 | D:4      | Bought a runed scarf for 208 gold pieces
  3756 | D:5      | Entered Level 5 of the Dungeon
  3913 | D:5      | Found a sand-covered staircase.
  3923 | Ossuary  | Entered an ossuary
  3923 | Ossuary  | Noticed a wraith
  3923 | Ossuary  | Noticed a wraith
  3971 | Ossuary  | Noticed a wraith
  4000 | Ossuary  | Killed a wraith
  4001 | Ossuary  | Reached skill level 8 in Fighting
  4001 | Ossuary  | Reached skill level 5 in Armour
  4001 | Ossuary  | Reached XP level 8. HP: 53/74 MP: 7/7
  4089 | Ossuary  | Reached **** piety under Trog
  4483 | D:5      | Found a staircase to the Ecumenical Temple.
  4496 | D:5      | Reached skill level 5 in Dodging
  4717 | D:5      | Reached skill level 9 in Fighting
  4920 | D:6      | Reached XP level 9. HP: 85/85 MP: 8/8
  4947 | D:6      | Reached skill level 10 in Fighting
  5465 | D:7      | Reached ***** piety under Trog
  5738 | D:7      | Reached skill level 11 in Fighting
  6260 | D:7      | Identified the +0 buckler of Ethereal Intercession
                  | {Rampage}
  6361 | D:7      | Received a gift from Trog
  6362 | D:7      | Reached skill level 1 in Shields
  6902 | D:8      | Found a glowing silver altar of Zin.
  6927 | D:8      | Reached XP level 10. HP: 53/96 MP: 9/9
  7686 | D:9      | Noticed a two-headed ogre
  7695 | D:9      | Killed a two-headed ogre
  7889 | D:9      | Found a staircase to the Orcish Mines.
  7924 | D:9      | Reached skill level 5 in Shields
  8030 | D:9      | Found a staircase to the Lair.
  8298 | D:9      | Found a runed translucent door.
  8311 | D:9      | Found a runed translucent door.
  8453 | D:9      | Noticed a two-headed ogre
  8459 | D:9      | Killed a two-headed ogre
  8510 | D:9      | Slain by an unseen horror simulacrum

Illustrated notes

Levels and vault maps discovered:
D:1:      dpeg_arrival_solitude, layout_loops_corners
D:2:      layout_basic, dreamdust_ecumenical_altar_drowned_temple,
          minmay_fractal_squares_5, uniq_terence, uniq_jessica
D:3:      minmay_chambers_of_twos, layout_basic,
          mainiacjoe_overflow_catch_the_wave, uniq_grinder
D:4:      layout_rooms, nicolae_tso_besieged_by_evil, serial_shops,
          kennysheep_mini, patterned_corridor
D:5:      layout_gridville, minmay_temple_entry_gardened_gates, enter_ossuary_4
D:6:      layout_rooms
D:7:      layout_loops_corners, serial_glass, glass_columns_a, glass_columns_a,
          glass_columns_c, glass_columns_a, glass_columns_a, glass_columns_b,
          glass_columns_c, glass_columns_a, glass_columns_c, glass_columns_b,
          grunt_ministairs_2
D:8:      layout_cave_pools, old_standard_altar, columned_hall_lemuel
D:9:      lemuel_insect_pit, layout_small_grid, david_lair_generic, orc_0_dummy,
          serial_ice, serial_ice_e, serial_ice_k, serial_ice_n, serial_ice_b

Skill      XL: |  1  2  3  4  5  6  7  8  9 10 |
---------------+-------------------------------+-----
Fighting       | 4 5 6 8 9 11 | 11.3
Axes           | 4 5 6 7 8 9 |  9.8
Armour         | 3 5 6 8 9 |  9.7
Dodging        | 3 4 5 7 9 |  9.0
Shields        | 2 5 |  5.8

Action                   |  1- 3 |  4- 6 |  7- 9 | 10-12 || total
-------------------------+-------+-------+-------+-------++-------
Melee: Hand axe          |    96 |    97 |    70 |       ||   263
       Headbutt          |     9 |    16 |    43 |    17 ||    85
       Punch             |       |     1 |     6 |       ||     7
       Long sword        |       |       |   150 |       ||   150
       War axe           |       |       |    46 |   101 ||   147
Invok: Berserk           |       |     3 |     3 |     4 ||    10
       Trog's Hand       |       |     1 |       |       ||     1
       Brothers in Arms  |       |       |       |     1 ||     1
Evoke: Wand              |       |       |     3 |     5 ||     8
  Use: Scroll            |       |     3 |    12 |     1 ||    16
 Stab: Sleeping          |     2 |       |       |       ||     2
Armor: Animal skin       |    10 |       |       |       ||    10
       Chain mail        |    24 |    40 |   152 |    43 ||   259
Dodge: Dodged            |    49 |    38 |   143 |    50 ||   280
Block: Buckler           |       |       |     3 |    22 ||    25

Table legend: (Time is in decaauts)
 A = Elapsed time spent in this place.
 B = Non-inter-level travel time spent in this place.
 C = Inter-level travel time spent in this place.
 D = Time resting spent in this place.
 E = Time spent auto-exploring this place.
 F = Levels seen in this place.
 G = Mean time per level.
                   A        B        C        D        E       F      G
               +--------+--------+--------+--------+--------+-----+--------+
         Total |   8692 |   8527 |    165 |    687 |   6357 |  10 |  869.2 |
       Dungeon |   8438 |   8273 |    165 |    687 |   6192 |   9 |  937.6 |
       Ossuary |    254 |    254 |      0 |      0 |    165 |   1 |  254.0 |
               +--------+--------+--------+--------+--------+-----+--------+

Top non-repeatable levels by time:
     D:7: 1596 daAuts
     D:3: 1134 daAuts
     D:2: 1051 daAuts
     D:9: 955 daAuts
     D:5: 887 daAuts
     D:4: 825 daAuts
     D:1: 781 daAuts
     D:8: 733 daAuts
     D:6: 473 daAuts
 Ossuary: 254 daAuts
